 Dungeon Crawl Stone Soup version 0.17-a0-776-gd86b262 (webtiles) character file.

1983 Sixotanaka the Cleaver (level 9, -2/111 HPs)
             Began as a Deep Dwarf Berserker on Apr 25, 2015.
             Was a Believer of Trog.
             Slain by a troll (7 damage)
             ... on level 9 of the Dungeon.
             The game lasted 00:10:09 (1386 turns).

Sixotanaka the Cleaver (Deep Dwarf Berserker)       Turns: 1386, Time: 00:10:09

Health: -2/111     AC: 11    Str: 26    XL:     9   Next: 1%
Magic:  8/8        EV: 14    Int:  9    God:    Trog [**....]
Gold:   62         SH:  0    Dex: 14    Spells: 0 memorised, 8 levels left

rFire  . . .     SeeInvis .     a - +0 hand axe
rCold  . . .     Clarity  .     o - +0 scale mail
rNeg   . . .     SustAb   .     (no shield)
rPois  .         Gourm    .     (no helmet)
rElec  .         Spirit   .     j - +0 cloak
rCorr  .         Warding  .     s - +1 pair of gloves
rMut   .         Stasis   .     (no boots)
MR     +++..                    (no amulet)
Stlth  ..........               (no ring)
                                q - ring of stealth

@: berserking, lethally poisoned (-2 -> -2), non-regenerating, very quick,
extremely resistant to hostile enchantments, extremely unstealthy
A: damage resistance, recharge devices, sense surroundings 2, slow healing 3
a: Device Recharging, Burn Spellbooks, Berserk, Trog's Hand, Renounce Religion


You were on level 9 of the Dungeon.
You worshipped Trog.
Trog was pleased with you.
You were very hungry.

You visited 1 branch of the dungeon, and saw 9 of its levels.

You collected 62 gold pieces.


Innate Abilities, Weirdness & Mutations

You are resistant to damage.
You can recharge devices by infusing magical energy.
You passively map the area around you.
You do not heal naturally.


   Skills:
 - Level 2.6 Fighting
 * Level 9.6 Axes
 + Level 6.9 Armour
 + Level 6.7 Dodging


You had 8 spell levels left.
You didn't know any spells.

Dungeon Overview and Level Annotations

Branches:
Dungeon (9/15)
 Temple: D:4-7         Lair: D:8-11         Orc: D:9-12

Altars:
Yredelemnul

Annotations:
D:9 Joseph

Inventory:

Hand weapons
 a - a +0 hand axe (weapon)
Armour
 i - a +0 ring mail
 j - a +0 cloak (worn)
 o - a +0 scale mail (worn)
 s - a +1 pair of gloves (worn)
Jewellery
 q - a ring of stealth (left hand)
Magical devices
 c - a wand of heal wounds (3) {@v2}
 t - a wand of confusion (14)
Scrolls
 b - a scroll of remove curse {@r2}
 e - a scroll of identify {unknown}
 g - a scroll of fog {unknown}
 l - a scroll of enchant armour {unknown}
 p - a scroll of random uselessness {unknown}
Potions
 k - a potion of heal wounds {unknown}
 m - a potion of lignification {unknown}
 n - a potion of invisibility {unknown}
 r - a potion of ambrosia {unknown}
Comestibles
 d - a bread ration
 f - 2 chunks of flesh

* .## , .(#
######.### *,
#...<(...# ,,
#....(...# * ,,
#.....(..# ..
#...!.(>.##..$..
, #.....c((...#
,, #...@@(.(####
,, #...cT...# **
* #........#
##..###### #..#
* * #... .. , ,
* ,. ,, * * * ,,
,,


You could see Joseph, a troll and 2 centaurs.


Message History

You feel slightly more hungry.
Joseph shouts!
The centaur shoots an arrow.
The arrow barely misses you.
The centaur shoots an arrow.
The arrow barely misses you.
Joseph unwields an uncursed quarterstaff.
Joseph wields a hunting sling.
Joseph shoots a sling bullet.
The sling bullet hits you.
* * * LOW HITPOINT WARNING * * *
A troll comes into view.
The troll shouts!
The centaur shoots an arrow.
The arrow hits you.
The centaur shoots an arrow.
The arrow closely misses you.
You see here an arrow.
Unknown command.
The centaur shoots an arrow.
The arrow hits you.
The centaur hits you but does no damage.
You see here an arrow.
The centaur shoots an arrow.
The arrow hits you but does no damage.
The centaur hits you but does no damage.
Found 11 gold pieces.
You see here an arrow.
The centaur shoots an arrow.
The arrow hits you!
* * * LOW HITPOINT WARNING * * *
The centaur barely misses you.
The centaur shoots an arrow.
The arrow misses you.
Joseph shoots a sling bullet.
The sling bullet closely misses you. The centaur completely misses you.
You see here an arrow.
The centaur unwields an uncursed shortbow.
The centaur misses you. The centaur hits you with a shortbow.
* * * LOW HITPOINT WARNING * * *
A red film seems to cover your vision as you go berserk!
You feel yourself moving faster!
You feel mighty!
You feel somewhat more hungry.
Joseph unwields an uncursed hunting sling.
Joseph wields an uncursed quarterstaff.
Joseph barely misses you.
The centaur hits you but does no damage. x2
The troll barely misses you. The troll claws you!
* * * LOW HITPOINT WARNING * * *
The troll closely misses you.
You hit the centaur. You hit Joseph. You hit the centaur.
You closely miss the troll. The centaur hits you!
* * * LOW HITPOINT WARNING * * *
The centaur hits you with a shortbow. Joseph hits you but does no damage.
You slash Joseph! You closely miss the centaur. You hit the troll.
You completely miss the centaur.
You feel the effects of Trog's Hand fading.
The centaur misses you. The troll completely misses you.
The troll completely misses you. The troll claws you but does no damage.
The centaur hits you with a shortbow.
* * * LOW HITPOINT WARNING * * *
You hit Joseph but do no damage. You hit the centaur. You slash the troll!
You hit the centaur.
The centaur hits you but does no damage.
Joseph hits you with an uncursed quarterstaff!
* * * LOW HITPOINT WARNING * * *
You hit Joseph. You slash the centaur! You slash the troll!
You barely miss the centaur.
The centaur hits you but does no damage.
The troll bites you.
* * * LOW HITPOINT WARNING * * *
The troll closely misses you. The troll claws you!
* * * LOW HITPOINT WARNING * * *
The centaur misses you.
You completely miss the centaur. You barely miss the troll.
You hit the centaur. You hit Joseph.
You are feeling very hungry.
The centaur barely misses you. The troll bites you.
* * * LOW HITPOINT WARNING * * *
The troll closely misses you. The troll claws you!
You die...

Action                   |  1- 3 |  4- 6 |  7- 9 || total
-------------------------+-------+-------+-------++-------
Melee: Hand axe          |    52 |    62 |   162 ||   276
       Unarmed           |       |     1 |     5 ||     6
Invok: Berserk           |     1 |     3 |     4 ||     8
       Trog's Hand       |       |       |     3 ||     3
       Burn Spellbooks   |       |       |     1 ||     1
 Abil: Device Recharging |       |       |     1 ||     1
Evoke: Wand              |     1 |     1 |     5 ||     7
  Use: Scroll            |       |       |     3 ||     3
       Potion            |       |       |     1 ||     1
  Eat: Chunk             |       |     3 |     6 ||     9

Vault maps used:
D:1:      ldierk_water_garden, feat_on_display
D:2:      grunt_temple_overflow_open, minmay_bisected
D:3:      uniq_crazy_yiuf_cottage, uniq_jessica
D:4:      nicolae_ru_awakened_eye, uniq_duvessa
D:5:      first_bread, uniq_sigmund
D:6:      corexii_shantytown, minmay_temple_entry_grid, corexii_leaking_fountain
D:7:      yredelemnul_altar_generic, serial_glass, glass_columns_c,
          glass_columns_c
D:8:      david_nohive_1, uniq_erolcha
D:9:      tgw_trog, orc_0_dummy, uniq_joseph

Notes
Turn   | Place    | Note
--------------------------------------------------------------
     0 | D:1      | Sixotanaka, the Deep Dwarf Berserker, began the quest for the Orb.
     0 | D:1      | Reached XP level 1. HP: 20/20 MP: 1/1
   153 | D:3      | Reached XP level 2. HP: 22/27 MP: 2/2
   177 | D:3      | Noticed Crazy Yiuf
   186 | D:3      | Killed Crazy Yiuf
   186 | D:3      | Reached skill level 4 in Axes
   186 | D:3      | Reached XP level 3. HP: 30/33 MP: 3/3
   338 | D:3      | Reached skill level 3 in Dodging
   367 | D:4      | Reached XP level 4. HP: 40/40 MP: 4/4
   379 | D:4      | Reached skill level 3 in Armour
   407 | D:4      | Noticed FedoraBrony69's ghost (average OpFE)
   441 | D:4      | Killed FedoraBrony69's ghost
   441 | D:4      | Reached skill level 5 in Axes
   441 | D:4      | Reached skill level 4 in Dodging
   441 | D:4      | Reached XP level 5. HP: 46/46 MP: 5/5
   441 | D:4      | Reached XP level 6. HP: 55/55 MP: 6/6
   467 | D:5      | Entered Level 5 of the Dungeon
   475 | D:5      | Acquired Trog's second power
   546 | D:6      | Reached skill level 6 in Axes
   546 | D:6      | Reached skill level 4 in Armour
   618 | D:7      | Found a basalt altar of Yredelemnul.
   792 | D:8      | Noticed Erolcha
   804 | D:8      | Killed Erolcha
   804 | D:8      | Reached skill level 8 in Axes
   804 | D:8      | Reached skill level 5 in Armour
   804 | D:8      | Reached skill level 5 in Dodging
   804 | D:8      | Reached XP level 7. HP: 61/61 MP: 7/7
   804 | D:8      | Reached XP level 8. HP: 68/68 MP: 8/8
   975 | D:8      | Reached skill level 6 in Armour
   988 | D:8      | Reached skill level 6 in Dodging
  1142 | D:8      | HP: 9/68 [kobold/wand of fire (21)]
  1158 | D:8      | Reached skill level 9 in Axes
  1367 | D:8      | Gained mutation: You passively map the area around you. [Deep Dwarf growth]
  1367 | D:8      | Reached XP level 9. HP: 40/74 MP: 8/8
  1375 | D:9      | Noticed Joseph
  1376 | D:9      | Noticed a troll
  1381 | D:9      | HP: 27/111 [troll (7)]
  1385 | D:9      | HP: 7/111 [troll (9)]
  1386 | D:9      | Slain by a troll

Vanquished Creatures
  Erolcha (D:8)
  The ghost of FedoraBrony69 the Magician, an average OpFE (D:4)
  An ogre (D:8)
  A phantom (D:8)
  A big kobold (D:8)
  2 giant frogs
  7 killer bees (D:8)
  3 scorpions
  An orc priest (D:8)
  A giant frog skeleton (D:8)
  Crazy Yiuf (D:3)
  A hound (D:4)
  2 worker ants (D:4)
  An orc wizard (D:8)
  3 adders
  An ooze (D:3)
  A giant gecko (D:3)
  4 orcs (D:8)
  A ball python (D:3)
  4 bats
  4 goblins
  A hobgoblin (D:7)
  3 jackals (D:3)
  A giant newt (D:3)
  6 kobolds
  A rat (D:4)
  4 toadstools (D:1)
58 creatures vanquished.
